Map: [G8] Altitude

Players

Spirit

  • Race: Terran Terran
  • Spawn Location: 7:00

Cure - Winner!

  • Race: Terran Terran
  • Spawn Location: 1:00

Event: Gamers8 2023

VOD

Have the link to the VOD?

Description

Time

  • Played on: Aug. 3, 2023, 6:27 a.m.
  • Length: 15:15

All games in this series

Show
View Real Time Build Order
Export as new Build Order

Spirit Terran 

Build Orders:  

Get SALT Encoding   

  12  0:00  SCV  
  13  0:12  SCV  
  14  0:17  Supply Depot  
  14  0:24  SCV  
  15  0:39  SCV  
  15  0:41  Barracks  
  16  0:46  Refinery  
  16  0:51  SCV  
  16  0:52  Refinery  
  17  1:03  SCV  
  18  1:15  SCV  
  19  1:28  Orbital Command, Reaper  
  19  1:30  Supply Depot  
  20  1:43  Factory  
  20  1:54  SCV  
  20  2:01  Barracks Reactor  
  21  2:07  SCV  
  22  2:20  Command Center  
  22  2:21  SCV  
  23  2:34  Starport  
  23  2:36  Supply Depot  
  23  2:41  Hellion  
  25  2:47  Hellion  
  25  2:49  SCV  
  28  3:01  SCV  
  28  3:03  Hellion  
  31  3:06  Barracks Tech Lab  
  31  3:09  Hellion  
  31  3:12  Medivac  
  35  3:18  SCV  
  36  3:30  SCV  
  37  3:35  Orbital Command  
  37  3:37  Marine, Cyclone  
  37  3:38  Marine  
  42  3:43  SCV  
  42  3:44  Starport Tech Lab  
  42  3:47  Refinery  
  43  3:55  SCV  
  44  4:00  Marine  
  45  4:04  SCV  
  45  4:07  SCV  
  45  4:09  Cyclone  
  46  4:13  Marine  
  46  4:17  Marine, SCV  
  48  4:19  SCV  
  47  4:29  SCV  
  47  4:31  Marine, Raven, SCV  
  48  4:35  Marine  
  53  4:39  Supply Depot  
  53  4:41  SCV  
  54  4:51  Supply Depot  
  54  5:01  SCV  
  54  5:02  SCV  
  60  5:07  Raven  
  60  5:13  Barracks, SCV  
  59  5:14  SCV  
  59  5:15  Supply Depot  
  59  5:16  Barracks  
  59  5:17  Factory Reactor  
  59  5:19  Stimpack  
  60  5:25  SCV  
  60  5:26  SCV  
  62  5:33  Command Center  
  52  5:37  SCV  
  52  5:38  SCV  
  52  5:39  Bunker  
  54  5:47  Raven  
  54  5:48  Marine  
  54  5:49  SCV  
  49  5:50  Starport, SCV  
  50  5:58  Engineering Bay  
  50  5:59  Refinery, Engineering Bay  
  50  6:01  SCV, Factory Tech Lab  
  50  6:02  Marine x2, SCV  
  54  6:10  Marine x3  
  57  6:13  SCV  
  57  6:15  SCV  
  59  6:20  Siege Tank, Marine x2  
  59  6:23  Raven  
  66  6:25  SCV  
  66  6:28  Marine x3, SCV  
  66  6:30  Terran Infantry Weapons Level 1  
  66  6:31  Terran Infantry Armor Level 1  
  66  6:32  Starport Reactor  
  71  6:38  Marine x2, SCV  
  74  6:45  Supply Depot x2  
  74  6:46  Marine x3  
  77  6:49  Orbital Command  
  77  6:55  Marine  
  77  6:56  Marine  
  77  6:59  Siege Tank  
  82  7:04  Marine x3  
  82  7:08  SCV  
  86  7:09  Medivac  
  86  7:11  Medivac  
  86  7:13  Marine  
  91  7:16  Marine  
  91  7:22  Marine  
  95  7:26  SCV  
  94  7:31  Marine  
  94  7:33  Marine, Supply Depot  
  94  7:34  Supply Depot  
  94  7:44  SCV  
  94  7:48  Barracks  
  94  7:49  Marine  
  94  7:50  Medivac, Barracks x2  
  93  7:52  SCV, Orbital Command  
  93  7:56  Medivac  
  97  7:59  Factory Tech Lab  
  97  8:00  Barracks  
  97  8:02  Barracks, SCV  
  97  8:12  Barracks Reactor  
  96  8:13  SCV  
  96  8:15  Armory  
  96  8:16  Barracks, SCV  
  96  8:18  SCV  
  99  8:21  Medivac  
  99  8:25  SCV  
  102  8:28  SCV  
  102  8:30  SCV  
  100  8:37  SCV  
  100  8:39  Barracks Reactor  
  102  8:42  Barracks Reactor  
  102  8:44  Refinery x2  
  102  8:45  SCV, Supply Depot x2  
  102  8:49  Barracks Reactor x2  
  102  8:50  Siege Tank  
  102  8:52  SCV  
  102  8:55  Barracks Reactor  
  106  8:58  SCV  
  107  9:05  Marine  
  107  9:06  SCV  
  107  9:08  Command Center  
  107  9:09  Marine, SCV  
  101  9:10  SCV  
  101  9:14  Barracks Tech Lab  
  101  9:15  Marine  
  100  9:18  SCV  
  100  9:19  Medivac x2  
  100  9:20  Marine x2  
  100  9:21  Marine  
  100  9:22  Siege Tank  
  100  9:23  Marine  
  95  9:25  Marine x4  
  95  9:28  Bunker  
  95  9:29  Terran Infantry Weapons Level 2  
  95  9:31  Marine x3  
  100  9:33  Combat Shield  
  100  9:34  Marine  
  100  9:38  Marine x2  
  104  9:39  Marine  
  104  9:41  Marine  
  104  9:42  Marine  
  104  9:43  Marine x3  
  110  9:46  Marine, Missile Turret  
  110  9:49  Marine x3  
  110  9:50  Missile Turret  
  110  9:52  Marine, Terran Infantry Armor Level 2  
  114  9:55  Marine  
  114  9:56  Marine  
  114  9:57  Marine  
  114  9:59  Marine  
  119  10:00  Marine x3  
  119  10:02  Siege Tank  
  119  10:04  Terran Vehicle Weapons Level 1  
  125  10:07  Marine x4  
  125  10:11  Liberator  
  132  10:16  Marine, Supply Depot  
  132  10:19  Liberator  
  132  10:20  Marine  
  137  10:21  Marine x2  
  137  10:22  Marine x2  
  137  10:25  Marine  
  137  10:26  Marine x3  
  137  10:28  SCV x2  
  141  10:31  Marine  
  141  10:32  Marine  
  141  10:34  Marine  
  136  10:40  Marine  
  136  10:41  Marine  
  136  10:42  Marine  
  130  10:43  Marine, SCV  
  130  10:45  Marine  
  129  10:51  Planetary Fortress  
  129  10:54  Marine, Liberator  
  129  10:56  Marine  
  133  10:58  Marine  
  133  11:02  Orbital Command  
  134  11:05  Marine  
  134  11:07  Marine x4  
  136  11:11  Marine  
  136  11:13  Marine  
  136  11:14  Marine  
  136  11:18  Marine  
  138  11:20  Marine x2  
  138  11:25  Marine x3  
  134  11:29  Marine  
  134  11:31  Marine  
  134  11:32  Siege Tank  
  134  11:36  Marine  
  134  11:38  Marine  
  135  11:43  Marine x3  
  135  11:47  Marine  
  138  11:48  Marine  
  138  11:49  SCV  
  138  11:53  Marine  
  138  11:54  SCV  
  138  11:56  Marine  
  138  11:57  SCV  
  138  12:01  Marine x3  
  143  12:03  SCV  
  143  12:04  Siege Tank, Marine, SCV  
  143  12:06  Marine  
  131  12:11  Marine  
  131  12:12  Medivac x2  
  131  12:14  Marine  
  137  12:18  Marine  
  137  12:19  Marine x2  
  137  12:22  Marine  
  140  12:24  Marine  
  140  12:29  Marine, SCV, Orbital Command  
  144  12:31  Barracks, Marine, SCV  
  144  12:33  Refinery, SCV  
  144  12:34  Refinery  
  144  12:36  Marine  
  148  12:48  Siege Tank, Marine x5, SCV x2, Supply Depot  
  148  12:49  Supply Depot  
  156  13:03  Medivac, Marine x2, SCV, Supply Depot  
  162  13:06  Marine x3  
  162  13:11  Marine  
  162  13:12  Marine  
  165  13:19  Marine  
  165  13:21  Marine x3  
  165  13:24  Liberator x2  
  165  13:25  Siege Tank  
  172  13:36  Liberator  
  172  13:39  Marine  
  172  13:41  Marine x8  
  137  13:57  Siege Tank, Marine  
  137  13:59  Marine x8  
  141  14:07  Liberator  
  131  14:15  Marine  
  131  14:16  Marine  
  131  14:17  Marine x7  
  116  14:26  Orbital Command  
  115  14:33  Marine  
  115  14:34  Marine x8  
  115  14:37  Siege Tank  
  119  14:51  Marine  
  119  14:52  Marine x7  
  122  14:53  Marine  
Show
View Real Time Build Order
Export as new Build Order

Cure Terran - Winner!

Build Orders: Gas First Reaper Expand, Hellion Opening 

Get SALT Encoding   

  12  0:00  SCV  
  13  0:12  SCV  
  14  0:17  Supply Depot  
  14  0:24  SCV  
  14  0:27  Refinery  
  15  0:38  SCV  
  16  0:45  Barracks  
  16  0:50  SCV  
  17  1:02  SCV  
  18  1:15  SCV  
  19  1:31  Orbital Command  
  19  1:32  Reaper  
  20  1:43  Command Center  
  20  1:55  Factory  
  20  1:57  SCV  
  21  2:05  Refinery  
  21  2:06  Barracks Reactor  
  21  2:09  SCV  
  21  2:14  Supply Depot  
  22  2:21  SCV  
  23  2:36  SCV  
  24  2:40  Starport  
  24  2:45  Hellion  
  24  2:46  Hellion  
  24  2:48  SCV  
  29  2:54  Orbital Command  
  29  2:57  Barracks Tech Lab  
  29  3:00  SCV  
  30  3:10  Hellion  
  30  3:11  Hellion  
  34  3:14  SCV  
  35  3:22  Raven  
  35  3:23  Supply Depot  
  37  3:27  SCV  
  37  3:28  SCV  
  39  3:36  Hellion  
  39  3:37  Hellion  
  39  3:40  SCV x2  
  45  3:46  Supply Depot  
  45  3:52  SCV x2  
  47  3:57  Raven  
  47  3:58  Hellion  
  47  4:00  Hellion  
  52  4:04  SCV  
  50  4:11  SCV  
  50  4:16  SCV  
  51  4:23  SCV  
  51  4:26  Barracks Tech Lab  
  51  4:29  SCV  
  52  4:36  Cyclone  
  52  4:37  SCV  
  56  4:41  SCV  
  56  4:43  Supply Depot  
  57  4:48  Viking x2  
  57  4:52  SCV  
  62  5:05  Marine, SCV  
  62  5:06  SCV  
  65  5:08  Supply Depot  
  65  5:09  Command Center  
  65  5:11  Siege Tank  
  68  5:17  SCV  
  68  5:18  SCV  
  70  5:25  Refinery  
  70  5:26  Refinery  
  70  5:30  Viking, Marine, SCV  
  70  5:33  Viking  
  73  5:36  SCV  
  73  5:42  SCV  
  72  5:47  Marine  
  72  5:49  SCV  
  72  5:53  Barracks  
  72  5:54  SCV  
  72  5:55  Siege Tank, Barracks  
  76  6:02  SCV  
  77  6:06  SCV  
  77  6:09  Stimpack  
  78  6:13  Supply Depot  
  78  6:27  Engineering Bay x2  
  78  6:29  Starport Reactor  
  78  6:35  Siege Tank, Marine, SCV x2  
  84  6:42  Barracks Reactor  
  84  6:43  Barracks Reactor  
  84  6:47  SCV x2  
  84  6:48  Barracks  
  84  6:50  Barracks, Orbital Command  
  86  6:59  Marine, SCV x2  
  89  7:01  Terran Infantry Armor Level 1, Terran Infantry Weapons Level 1  
  89  7:06  Missile Turret  
  89  7:07  Missile Turret  
  89  7:11  SCV x2  
  89  7:12  Siege Tank  
  94  7:18  SCV  
  94  7:21  Marine x2, Supply Depot  
  97  7:23  SCV x2, Supply Depot  
  97  7:24  Marine x2  
  101  7:36  Marine  
  101  7:38  Medivac x2  
  81  7:47  Barracks Reactor, Marine x4  
  81  7:48  Siege Tank  
  88  7:52  Barracks, SCV x2  
  88  7:56  Combat Shield  
  86  8:07  Marine x2  
  86  8:08  Marine x3  
  86  8:10  Marine x2  
  93  8:13  SCV  
  93  8:14  SCV x2, Armory  
  96  8:22  Siege Tank  
  96  8:23  Sensor Tower  
  96  8:25  Marine, Refinery  
  96  8:26  Refinery  
  93  8:34  Marine x8  
  93  8:38  SCV x3  
  104  8:43  Marine, Missile Turret  
  104  8:46  Barracks Reactor, Missile Turret  
  105  8:53  Missile Turret  
  105  8:56  Marine x6  
  105  9:00  Siege Tank, Marine x2  
  105  9:01  Marine  
  117  9:07  SCV x3  
  107  9:13  Marine x2  
  107  9:14  Marine x4  
  108  9:18  Marine  
  108  9:19  SCV  
  108  9:20  SCV x2  
  108  9:21  Medivac x2  
  103  9:28  Terran Infantry Weapons Level 2, Terran Infantry Armor Level 2  
  103  9:32  Missile Turret  
  103  9:35  Marine x6  
  109  9:40  Supply Depot  
  109  9:41  Supply Depot  
  109  9:49  Supply Depot  
  109  9:52  Missile Turret  
  109  9:54  Supply Depot  
  109  10:01  Marine x3  
  109  10:02  Siege Tank, Marine x6, SCV x3  
  109  10:04  Marine  
  109  10:06  Supply Depot  
  125  10:10  Marine  
  125  10:13  Medivac  
  128  10:14  SCV  
  128  10:16  SCV x2  
  128  10:18  Supply Depot  
  128  10:19  Marine x3  
  134  10:26  SCV  
  135  10:33  Marine x8  
  140  10:37  SCV x2  
  140  10:38  SCV  
  140  10:41  Marine x2  
  137  10:44  Siege Tank, Medivac x2  
  137  10:45  Terran Vehicle Weapons Level 1  
  137  10:49  Supply Depot  
  143  10:51  Marine, Factory  
  143  10:53  Supply Depot  
  143  10:56  Barracks Reactor  
  144  10:59  Marine x6  
  150  11:07  Marine x3  
  150  11:08  Marine  
  153  11:17  Marine  
  152  11:18  Medivac x2  
  152  11:19  Siege Tank  
  151  11:27  Marine x4  
  151  11:29  Command Center  
  147  11:33  SCV  
  147  11:34  SCV x2  
  147  11:37  Siege Tank  
  149  11:51  Siege Tank  
  149  11:52  Marine x6  
  149  11:54  Marine x3  
  149  11:55  Marine  
  153  12:01  Medivac  
  153  12:08  Marine x2  
  141  12:09  Siege Tank  
  141  12:10  Marine x4, Terran Infantry Weapons Level 3  
  140  12:15  Terran Infantry Armor Level 3  
  140  12:16  Marine x2  
  142  12:25  Siege Tank  
  142  12:28  Marine x2  
  142  12:29  Marine x4  
  151  12:34  Marine x4  
  151  12:36  Marine x2  
  157  12:42  Siege Tank, SCV x3  
  163  12:46  Marine x3  
  166  12:59  Siege Tank  
  166  13:04  Marine x8  
  177  13:08  Planetary Fortress  
  177  13:14  Siege Tank  
  177  13:19  Marine x4  
  179  13:22  Marine x2  
  181  13:31  Siege Tank  
  184  13:34  Marine x4  
  184  13:40  Marine x8  
  167  13:46  Siege Tank  
  159  13:52  Marine x4  
  160  14:01  Marine x4  
  147  14:03  Siege Tank  
  147  14:04  Marine x4  
  152  14:10  Marine x2  
  141  14:18  Medivac x2, Siege Tank  
  141  14:20  Marine x4  
  149  14:24  SCV  
  149  14:25  SCV x2  
  149  14:29  Marine x6  
  148  14:34  Orbital Command  
  148  14:37  Marine x2  
  148  14:38  Siege Tank, Marine x4  
  153  14:40  SCV x3  
  156  14:46  Marine x2  
  156  14:47  Marine x2  
  156  14:50  Sensor Tower  
  156  14:52  SCV x3  
  170  14:57  Marine x7  
Tags
 
Add a new tag
Caveats
  • Supply blocks, unpowered buildings, or Contaminate may cause inaccurate times.
  • Supply counts are checked every 10 seconds.